 Dungeon Crawl Stone Soup version 0.16.2-2-g470672f (webtiles) character file.

3123 smiler the Thaumaturge (level 9, 0/45 HPs)
             Began as a Gargoyle Earth Elementalist on Sept 4, 2015.
             Was a Priest of Vehumet.
             Slain by an orc warrior
             ... wielding a +0 halberd
              (19 damage)
             ... in a bailey.
             The game lasted 00:43:21 (9247 turns).

smiler the Thaumaturge (GrEE)                       Turns: 9247, Time: 00:43:21

Health: 0/45       AC:  9    Str: 12    XL:     9   Next: 91%
Magic:  15/25      EV: 12    Int: 19    God:    Vehumet [***...]
Gold:   577        SH:  0    Dex: 10    Spells: 5 memorised, 9 levels left

rFire  . . .     SeeInvis .     b - 41 stones
rCold  . . .     Clarity  .     N - +0 robe
rNeg   + . .     SustAb   .     (no shield)
rPois  ∞         Gourm    +     (no helmet)
rElec  +         Spirit   .     i - +1 cloak
rCorr  .         Warding  .     (no gloves)
rMut   .         Stasis   .     (no boots)
MR     .....                    j - amulet of the gourmand
Stlth  ++........               (no ring)
                                (no ring)

@: not resistant to hostile enchantments, unstealthy
A: negative energy resistance 1, electricity resistance, unbreathing,
petrification resistance, rot immunity, AC +5
a: Renounce Religion


You were in a bailey.
You worshipped Vehumet.
Vehumet was most pleased with you.
You were very full.

You visited 2 branches of the dungeon, and saw 9 of its levels.
You also visited: Bailey.

You collected 577 gold pieces.

Inventory:

Hand weapons
 a - a +2 whip of venom
Missiles
 b - 41 stones (in hand)
Armour
 i - a +1 cloak (worn)
 n - a +0 buckler
 N - a +0 robe (worn)
Jewellery
 j - an amulet of the gourmand (around neck)
 k - an uncursed ring of teleportation
 r - an uncursed amulet of resist corrosion
 y - an uncursed amulet of faith
Magical devices
 p - a wand of teleportation (4)
 F - a wand of polymorph (9)
 L - a wand of magic darts (39)
Scrolls
 u - a scroll of immolation
 v - 4 scrolls of remove curse
 A - a scroll of amnesia
 G - 2 scrolls of enchant armour
 H - 2 scrolls of magic mapping {unknown}
 M - a scroll of teleportation {unknown}
Potions
 f - a potion of cure mutation {unknown}
 g - 3 potions of flight
 o - 2 potions of brilliance
 s - 2 potions of invisibility
 x - a potion of heal wounds
 B - a potion of poison
 D - 2 potions of degeneration {unknown}
 E - a potion of ambrosia
 I - a potion of haste {unknown}
 K - a potion of agility {unknown}
Books
 d - a book of Geomancy

   Spells                             Type                      Level
   a - Sandblast                      Earth                        1
   b - Stoneskin                      Transmutation/Earth          2
   c - Passwall                       Transmutation/Earth          3
   d - Stone Arrow                    Conjuration/Earth            3
   e - Petrify                        Transmutation/Earth          4
   f - Lee's Rapid Deconstruction     Earth                        5
 C - a book of Fire

   Spells                             Type                      Level
   a - Ignite Poison                  Fire/Transmutation           5
   b - Fireball                       Conjuration/Fire             5
   c - Bolt of Fire                   Conjuration/Fire             6
   d - Delayed Fireball               Conjuration/Fire             7
   e - Ring of Flames                 Charms/Fire                  7
 J - a book of Changes

   Spells                             Type                      Level
   a - Beastly Appendage              Transmutation                1
   b - Sticks to Snakes               Transmutation                2
   c - Spider Form                    Transmutation/Poison         3
   d - Ice Form                       Ice/Transmutation            4
   e - Blade Hands                    Transmutation                5
Comestibles
 l - 7 fruits
 m - 3 bread rations
 t - a royal jelly
 w - a slice of pizza
 z - 3 meat rations


   Skills:
 - Level 1.5 Dodging
 - Level 2.1 Stealth
 * Level 8.6 Spellcasting
 + Level 6.4 Conjurations
 - Level 0.7 Transmutations
 + Level 4.4 Fire Magic
 + Level 8.5 Earth Magic


You had 9 spell levels left.
You knew the following spells:

 Your Spells              Type           Power        Failure   Level  Hunger
a - Sandblast             Erth           #####.       1%          1    None
b - Stoneskin             Trmt/Erth      ####....     1%          2    None
c - Stone Arrow           Conj/Erth      #####.       1%          3    None
d - Lee's Rapid Deconstr  Erth           #####.....   2%          5    #####..
e - Fireball              Conj/Fire      ####......   8%          5    #####..


Dungeon Overview and Level Annotations

Branches:
Dungeon (8/15)             Temple (1/1) D:7
   Lair: D:8-11

Altars:
Ashenzari
Cheibriados
Dithmenos
Elyvilon
Fedhas
Gozag
Kikubaaqudgha
Nemelex Xobeh
Okawaru
Qazlal
Ru
Trog
Vehumet
Xom
Yredelemnul
Zin
The Shining One
Lugonu

Annotations:
D:3 Sigmund
D:4 Eustachio
D:6 adsr's ghost, experienced MiFi


Innate Abilities, Weirdness & Mutations

You are resistant to torment.
You are immune to poison.
Your stone body is very resilient (AC +5).
You resist negative energy.
You are resistant to electric shocks.
You can survive without breathing.
You are immune to petrification.
You are immune to rotting.


Message History

Aiming: Sandblast
Press: ? - help, Shift-Dir - straight line, f/p - orc warrior
Aim: an orc warrior, wielding a halberd and wearing a ring mail (heavily wounded)
The rocky blast misses the orc warrior.
Casting: Sandblast
Confirm with . or Enter, or press ? or * to list all spells.
Aiming: Sandblast
Press: ? - help, Shift-Dir - straight line, f/p - orc warrior
Aim: an orc warrior, wielding a halberd and wearing a ring mail (heavily wounded)
The rocky blast misses the orc warrior.
The orc warrior hits you from afar with a halberd!
Casting: Sandblast
Confirm with . or Enter, or press ? or * to list all spells.
Aiming: Sandblast
Press: ? - help, Shift-Dir - straight line, f/p - orc warrior
Aim: an orc warrior, wielding a halberd and wearing a ring mail (heavily wounded)
The rocky blast hits the orc warrior.
The orc warrior is severely wounded.
The orc warrior hits you from afar with a halberd!!
You die...

##.........## ##..≈≈≈≈≈≈≈..##
##..≈≈.....≈≈..##
##########..≈≈..###..≈≈..#######
#..........≈≈..## ##..≈≈........
#.≈≈≈≈≈≈≈≈≈≈..##.∩.##..≈≈≈≈≈≈≈≈≈
#.≈.....).)..##.... ##..).))..).
#.≈)#############+###'#########.
#.≈.## #..@......# ##. #.≈).##
#..§§≈§≈§≈§.# ##.. #.≈≈).##
#..≈≈o...)§≈..# ##..≈ ##.≈≈..#
#..≈≈..⌠⌠⌠..≈≈..# #..≈≈ #∩.≈≈..#
#..≈≈...⌠...≈≈..#+#..≈≈ #.≈≈..##
##..§§.....§≈..##.##..≈ #.≈..##
##§§§§≈≈≈≈≈..##...##..
#.≈.##.$$$ ##§§.......#+.....##.
#.≈.##### ###+#############.


You could see an orc warrior.

Vanquished Creatures
  An orc knight (Bailey)
  A hungry ghost (D:7)
  A water moccasin (D:8)
  2 orc warriors
  An ice beast (D:5)
  2 phantoms
  3 centaurs
  2 sky beasts
  A necrophage (D:5)
  An ogre (D:4)
  A gnoll sergeant (D:8)
  3 giant frogs
  Blork the orc (D:7)
  3 scorpions
  2 crimson imps (D:6)
  2 jellies
  A goliath beetle (D:7)
  4 orc priests
  2 giant frog skeletons
  3 hounds
  A worker ant (D:5)
  2 centaur skeletons (D:7)
  5 iguanas
  2 orc wizards (D:5)
  Ijyb (D:1)
  6 gnolls
  8 adders
  3 giant mites
  2 worms (D:2)
  A shadow imp (D:5)
  An adder zombie (D:6)
  5 giant geckos
  An ooze (D:6)
  33 orcs
  17 bats
  A bat skeleton (D:4)
  16 goblins
  14 hobgoblins
  4 jackals (D:2)
  13 kobolds
  A ball python (D:2)
  3 giant cockroaches
  A giant gecko skeleton (D:4)
  4 giant newts
  A jackal skeleton (D:4)
  A quokka (D:2)
  11 rats
  A fungus (D:5)
196 creatures vanquished.

Vanquished Creatures (others)
  A bat (D:6)
  A quokka (D:6)
2 creatures vanquished.

Grand Total: 198 creatures vanquished

Notes
Turn   | Place    | Note
--------------------------------------------------------------
     0 | D:1      | smiler, the Gargoyle Earth Elementalist, began the quest for the Orb.
     0 | D:1      | Reached XP level 1. HP: 10/10 MP: 3/3
   227 | D:1      | Reached skill level 4 in Earth Magic
   372 | D:1      | Reached XP level 2. HP: 15/15 MP: 4/4
   817 | D:2      | Noticed Ijyb
   929 | D:1      | Killed Ijyb
   929 | D:1      | Reached XP level 3. HP: 10/19 MP: 1/7
  1224 | D:2      | Found a shimmering altar of Xom.
  1273 | D:2      | Reached XP level 4. HP: 21/24 MP: 5/9
  1446 | D:2      | Learned a level 2 spell: Stoneskin
  1450 | D:2      | Learned a level 3 spell: Stone Arrow
  2123 | D:2      | Reached XP level 5. HP: 19/28 MP: 6/11
  2125 | D:2      | Found an opulent altar of Gozag.
  2154 | D:2      | Found a sparkling altar of Nemelex Xobeh.
  2154 | D:2      | Found a radiant altar of Vehumet.
  2162 | D:2      | Became a worshipper of Vehumet
  2610 | D:3      | Reached skill level 1 in Conjurations
  2905 | D:3      | Noticed Sigmund
  3273 | D:4      | Reached skill level 5 in Earth Magic
  3274 | D:4      | Noticed an ogre
  3283 | D:4      | Killed an ogre
  3283 | D:4      | Acquired Vehumet's first power
  3283 | D:4      | Offered knowledge of Magic Dart by Vehumet.
  3283 | D:4      | Reached XP level 6. HP: 16/32 MP: 6/15
  3449 | D:4      | Learned a level 5 spell: Lee's Rapid Deconstruction
  3578 | D:4      | Noticed a phantom
  3610 | D:4      | Killed a phantom
  3877 | D:4      | Noticed Eustachio
  4101 | D:4      | Found a glowing golden altar of the Shining One.
  4179 | D:4      | Found a glowing golden altar of the Shining One.
  4333 | D:4      | Reached skill level 5 in Spellcasting
  4333 | D:4      | Reached XP level 7. HP: 15/36 MP: 8/18
  4552 | D:5      | Entered Level 5 of the Dungeon
  4568 | D:5      | Reached skill level 6 in Earth Magic
  4744 | D:5      | Learned a level 5 spell: Fireball
  4853 | D:5      | Found an iron altar of Okawaru.
  5228 | D:5      | Reached skill level 1 in Fire Magic
  5362 | D:5      | Reached XP level 8. HP: 26/41 MP: 11/21
  5375 | D:5      | Offered knowledge of Shock by Vehumet.
  5571 | D:5      | Found a basalt altar of Yredelemnul.
  6185 | D:6      | Reached skill level 7 in Earth Magic
  6205 | D:6      | Noticed adsr's ghost (experienced MiFi)
  6953 | D:6      | Found an ancient bone altar of Kikubaaqudgha.
  7018 | D:6      | Found a white marble altar of Elyvilon.
  7393 | D:7      | Found a staircase to the Ecumenical Temple.
  7472 | Temple   | Entered the Ecumenical Temple
  7534 | D:7      | Noticed Blork the orc
  7602 | D:7      | Reached skill level 5 in Conjurations
  7634 | D:7      | Reached XP level 9. HP: 38/45 MP: 13/24
  8103 | D:7      | Killed Blork the orc
  8607 | D:8      | Reached skill level 8 in Spellcasting
  8672 | D:8      | Found a flagged portal.
  8684 | D:8      | Offered knowledge of Throw Frost by Vehumet.
  8825 | Bailey   | Entered a bailey
  8894 | Bailey   | Acquired Vehumet's second power
  9020 | Bailey   | Noticed an orc knight
  9096 | Bailey   | Killed an orc knight
  9247 | Bailey   | Slain by an orc warrior

Action                   |  1- 3 |  4- 6 |  7- 9 || total
-------------------------+-------+-------+-------++-------
Melee: Unarmed           |     3 |       |       ||     3
       Club              |    38 |     5 |       ||    43
       Whip              |       |   176 |    79 ||   255
 Cast: Sandblast         |    41 |   138 |   273 ||   452
       Stoneskin         |       |     6 |    28 ||    34
       Lee's Rapid Decon |       |       |     2 ||     2
       Stone Arrow       |       |       |    45 ||    45
Evoke: Wand              |       |     2 |       ||     2
  Use: Scroll            |     3 |     4 |     9 ||    16
       Potion            |       |     3 |     1 ||     4
 Stab: Sleeping          |       |     4 |       ||     4
       Distracted        |       |     1 |       ||     1
  Eat: Chunk             |     1 |    23 |    15 ||    39
